 Dungeon Crawl Stone Soup version 0.31-a0-261-g072fdb8a1f (webtiles) character file.

Game seed: 8340007842492709736

274 qw the Shooter (level 6, -3/51 HPs)
             Began as a Minotaur Hexslinger on July 13, 2023.
             Slain by an orc
             ... wielding a +0 flail
              (4 damage)
             ... on level 3 of the Dungeon.
             The game lasted 00:01:08 (2536 turns).

qw the Shooter (Minotaur Hexslinger)                Turns: 2536, Time: 00:01:08

Health: -3/51      AC:  6    Str: 13    XL:     6   Next: 3%
Magic:  6/6        EV: 11    Int: 10    God:
Gold:   200        SH:  0    Dex: 14    Spells: 6/7 levels left

rFire   . . .        Y - +1 sling
rCold   . . .        (no shield)
rNeg    . . .        h - +0 ring mail
rPois   +            (helmet restricted)
rElec   .            i - +0 cloak "Sokk" {rPois}
rCorr   .            (no gloves)
SInv    .            (no boots)
Will    .....        (no amulet)
Stlth   +            (no ring)
HPRegen 0.28/turn    (no ring)
MPRegen 0.10/turn

%: no passive effects
@: lethally poisoned (-3 -> -7)
A: horns 2, retaliatory headbutt
a: no special abilities


You were on level 3 of the Dungeon.
You visited 1 branch of the dungeon, and saw 3 of its levels.
You also visited: Sewer.

You collected 200 gold pieces.


Innate Abilities, Weirdness & Mutations

You have a pair of horns on your head.
You reflexively headbutt those who attack you in melee.


   Skills:
 + Level 3.3 Fighting
 - Level 6.2 Ranged Weapons
 - Level 1.0 Armour
 - Level 2.1 Dodging
 - Level 1.0 Spellcasting
 - Level 2.0 Hexes


You had 6 spell levels left.
You knew the following spells:

 Your Spells              Type           Power      Damage    Failure   Level
a - Slow                  Hex            16%        N/A       32%         1

Your spell library contained the following spells:

 Spells                   Type           Power      Damage    Failure   Level
 Inner Flame              Hex/Fire       2%         N/A       82%         3
 Portal Projectile        Hex/Tloc       4%         N/A       82%         3
 Cause Fear               Hex            2%         N/A       97%         4

Inventory:

Hand Weapons
 Y - a +1 sling (weapon)
Armour
 h - a +0 ring mail (worn)
 i - the +0 cloak "Sokk" (worn) {rPois}
   (You found it on level 2 of the Dungeon)

   rPois:     It protects you from poison.
Scrolls
 c - a scroll of identify
Potions
 a - a potion of might {unknown}
 b - a potion of brilliance {unknown}
 e - a potion of enlightenment
 f - a potion of attraction {unknown}

Dungeon Overview and Level Annotations

Branches:
Dungeon (3/15)              Sewer (visited)

Altars:
Elyvilon

Annotations:
D:3 1 runed translucent door


Message History

You kill the orc!
The orc hits you but does no damage.
You shoot a sling bullet. The sling bullet hits the orc.
The orc is severely wounded.
The orc hits you from afar with a +1 trident of venom.
You shoot a sling bullet. The sling bullet hits the orc!
You kill the orc!
The orc barely misses you.
You shoot a sling bullet. The sling bullet hits the orc.
The orc is moderately wounded.
The orc closely misses you.
The orc hits you from afar with a +1 trident of venom.
The orc hits you but does no damage. The orc barely misses you.
The orc hits you but does no damage. x2
You shoot a sling bullet. The sling bullet barely misses the orc.
The sling bullet hits the orc.
The orc is severely wounded.
The orc hits you with a +0 flail. The orc barely misses you.
The orc hits you but does no damage.
You shoot a sling bullet. The sling bullet hits the orc.
The orc is severely wounded.
The orc barely misses you.
The orc hits you from afar with a +1 trident of venom.
You shoot a sling bullet. The sling bullet hits the orc.
You kill the orc!
The orc hits you with a +0 flail.
The orc hits you from afar with a +1 trident of venom.
You are poisoned.
The orc hits you with a +0 flail.
The orc hits you from afar with a +1 trident of venom.
You shoot a sling bullet. The sling bullet barely misses the orc.
You feel very sick. The orc hits you but does no damage. The orc misses you.
You shoot a sling bullet. The sling bullet barely misses the orc.
You feel sick. The orc hits you but does no damage.
The orc hits you from afar with a +1 trident of venom.
You shoot a sling bullet. The sling bullet hits the orc.
The orc is moderately wounded.
You feel sick. The orc hits you with a +0 flail.
You die...

......##K. ......# ..
......# .## ......# ..#
......## #.. ## .......#
###..#.. .......# ...o.
#.######> ###o)# #
#........ ###..@###### .##
#..######
##..........##..# . ).##
#.....>.......... .. ..#
##............#..... .##
#..............# ..#.. ##
####..##...........##.....
# ##....#
####..#..........# ##...#
##...........####.#
###....# ##..#.%~#.....##
#.#


You could see 2 orcs.

Vanquished Creatures
  A kobold brigand (Sewer)
  9 adders
  3 river rats (Sewer)
  A shadow imp (D:3)
  2 worms
  4 dart slugs
  3 orcs (D:3)
  10 ball pythons
  4 bats
  6 endoplasms
  3 giant cockroaches
  4 goblins
  8 hobgoblins
  A jackal (Sewer)
  2 quokkas
  3 frilled lizards
  8 kobolds
  5 rats
77 creatures vanquished.

Notes
Turn   | Place    | Note
-------+----------+-------------------------------------------
     0 | D:1      | qw the Minotaur Hexslinger began the quest for the Orb.
     0 | D:1      | Reached XP level 1. HP: 16/16 MP: 1/1
     0 | D:1      | 0 ||| qw: Version: 0.3-a-52-g30416fa
     0 | D:1      | 0 ||| qw: Game counter: 6975
     0 | D:1      | 0 ||| qw: Melee chars always use a shield: true
     0 | D:1      | 0 ||| qw: God list: Okawaru
     0 | D:1      | 0 ||| qw: Allow faded altars: false
     0 | D:1      | 0 ||| qw: Do Orc after clearing Dungeon:15 true
     0 | D:1      | 0 ||| qw: Do second Lair branch before Depths: true
     0 | D:1      | 0 ||| qw: Lair rune preference: random
     0 | D:1      | 0 ||| qw: Goals: Normal
     0 | D:1      | 0 ||| PLANNING D:1-11
   137 | D:1      | Reached skill level 3 in Ranged Weapons
   137 | D:1      | Reached XP level 2. HP: 16/23 MP: 2/2
   137 | D:1      | 137 ||| FLEEEEING.
   139 | D:1      | 139 ||| FLEEEEING.
   140 | D:1      | 140 ||| FLEEEEING.
   141 | D:1      | 141 ||| FLEEEEING.
   142 | D:1      | 142 ||| FLEEEEING.
   143 | D:1      | 143 ||| FLEEEEING.
   144 | D:1      | 144 ||| FLEEEEING.
   145 | D:1      | 145 ||| FLEEEEING.
   146 | D:1      | 146 ||| FLEEEEING.
   147 | D:1      | 147 ||| FLEEEEING.
   148 | D:1      | 148 ||| FLEEEEING.
   149 | D:1      | 149 ||| FLEEEEING.
   150 | D:1      | 150 ||| FLEEEEING.
   151 | D:1      | 151 ||| FLEEEEING.
   152 | D:1      | 152 ||| FLEEEEING.
   153 | D:1      | 153 ||| FLEEEEING.
   154 | D:1      | 154 ||| FLEEEEING.
   155 | D:1      | 155 ||| FLEEEEING.
   156 | D:1      | 156 ||| FLEEEEING.
   637 | D:1      | Reached XP level 3. HP: 29/29 MP: 3/3
   859 | D:1      | 859 ||| FLEEEEING.
   860 | D:1      | 860 ||| FLEEEEING.
   941 | D:1      | 941 ||| UPGRADING to +0 ring mail.
   951 | D:1      | 951 ||| DROPPING +0 robe.
   952 | D:1      | 952 ||| READING scroll labelled KEBRUJ XESUEMN.
   953 | D:1      | 953 ||| READING scroll labelled YSOQACH EXACRA.
   954 | D:1      | 954 ||| DRINKING 2 smoky golden potions.
   955 | D:1      | 955 ||| DROPPING scroll of poison.
  1061 | D:2      | Reached skill level 4 in Ranged Weapons
  1123 | D:2      | Found a white marble altar of Elyvilon.
  1158 | D:2      | Reached skill level 1 in Armour
  1164 | D:2      | Identified the +0 cloak "Sokk" {rPois}
  1360 | D:2      | Found a faded altar of an unknown god.
  1457 | D:2      | Reached XP level 4. HP: 36/36 MP: 4/4
  1634 | D:2      | 1634 ||| UPGRADING to +0 cloak "Sokk" {rPois}.
  1639 | D:2      | 1639 ||| READING scroll labelled WUZEAXE SERIWN.
  1701 | D:2      | 1701 ||| READING 2 scrolls labelled LIAD NODAENOCU.
  1702 | D:2      | 1702 ||| READING scroll labelled RAIFUG VEOXZE.
  1722 | D:3      | Found a runed translucent gate.
  1723 | D:3      | 1723 ||| PLANNING SEWER
  1785 | D:3      | Found a glowing drain.
  1787 | D:3      | 1787 ||| DRINKING 2 sedimented emerald potions.
  1788 | D:3      | 1788 ||| DRINKING potion of curing.
  1788 | D:3      | 1788 ||| (to cure confusion)
  1789 | D:3      | 1789 ||| READING 2 scrolls of identify.
  1789 | D:3      | 1789 ||| IDENTIFYING bubbling ruby potion
  1790 | D:3      | 1790 ||| DROPPING potion of ambrosia.
  1814 | Sewer    | Entered a sewer
  1830 | Sewer    | Reached skill level 5 in Ranged Weapons
  1866 | Sewer    | 1866 ||| Stepping ~*~*~tactically~*~*~ (water).
  1873 | Sewer    | Reached XP level 5. HP: 39/42 MP: 5/5
  1902 | Sewer    | Reached skill level 3 in Fighting
  2131 | Sewer    | 2131 ||| Stepping ~*~*~tactically~*~*~ (water).
  2133 | Sewer    | 2133 ||| Stepping ~*~*~tactically~*~*~ (water).
  2135 | Sewer    | 2135 ||| Stepping ~*~*~tactically~*~*~ (water).
  2140 | Sewer    | 2140 ||| Stepping ~*~*~tactically~*~*~ (water).
  2143 | Sewer    | 2143 ||| Stepping ~*~*~tactically~*~*~ (water).
  2146 | Sewer    | 2146 ||| Stepping ~*~*~tactically~*~*~ (water).
  2149 | Sewer    | 2149 ||| Stepping ~*~*~tactically~*~*~ (water).
  2166 | Sewer    | Reached skill level 6 in Ranged Weapons
  2427 | Sewer    | 2427 ||| READING scroll labelled ZAEBBA PAOCKES.
  2443 | D:3      | 2443 ||| PLANNING D:1-11
  2452 | D:3      | Reached XP level 6. HP: 50/51 MP: 6/6
  2534 | D:3      | HP: 10/51 [poisoned by an orc]
  2535 | D:3      | HP: 3/51 [orc/+1 trident of venom (5)]
  2536 | D:3      | HP: 1/51 [poisoned by an orc]
  2536 | D:3      | Slain by an orc

Levels and vault maps discovered:
D:1:      dpeg_arrival_shrine, layout_basic, serial_park_tiny_2
D:2:      layout_basic, basic_altar, hellmonk_ecumenical_altar_run_dry
D:3:      layout_rooms, nemelex_diamond_rough_becter,
          gammafunk_ghost_nasty_kobolds, cheibrodos_sewer_entry_drain

Skill      XL: |  1  2  3  4  5 |
---------------+----------------+-----
Ranged Weapons | 3 4 5 6 |  6.2
Fighting       | 2 3 |  3.3
Armour         | 1 |  1.0
Dodging        | |  2.1
Spellcasting   | |  1.0
Hexes          | |  2.0

Action                     |  1- 3 |  4- 6 || total
---------------------------+-------+-------++-------
   Fire: Sling             |   119 |   139 ||   258
    Use: Scroll            |     2 |     5 ||     7
         Potion            |     1 |     2 ||     3
 Armour: Robe              |     4 |       ||     4
         Ring mail         |     6 |    31 ||    37
  Dodge: Dodged            |    33 |    43 ||    76

Table legend:
 A = Non-vault XP
 B = Vault XP
 C = Vault XP percentage of total XP
 D = Non-vault monster count
 E = Vault monster count
 F = Vault count percentage of total count
                 A         B        C        D         E       F
            +---------+---------+-------+---------+---------+-------
      Total |     152 |     240 |  61.2 |      54 |      23 |  29.9
            +---------+---------+-------+---------+---------+-------
        D:1 |      51 |       0 |   0.0 |      26 |       0 |   0.0
        D:2 |      52 |       0 |   0.0 |      20 |       0 |   0.0
        D:3 |      49 |       7 |  12.5 |       8 |       3 |  27.3
      Sewer |       0 |     233 | 100.0 |       0 |      20 | 100.0
            +---------+---------+-------+---------+---------+-------
